 Dungeon Crawl Stone Soup version 0.20-a0-555-gf6ae02d (webtiles) character file.

179 Lahna the Chopper (level 5, -3/48 HPs)
             Began as a Hill Orc Monk on Feb 6, 2017.
             Was a Believer of Okawaru.
             Slain by an iguana (10 damage)
             ... on level 3 of the Dungeon.
             The game lasted 00:04:28 (2761 turns).

Lahna the Chopper (Hill Orc Monk)                   Turns: 2761, Time: 00:04:29

Health: -3/48      AC: 12    Str: 15    XL:     5   Next: 59%
Magic:  6/6        EV: 10    Int: 10    God:    Okawaru [**....]
Gold:   111        SH:  0    Dex: 13    Spells: 4/4 levels left

rFire    + . .     SeeInvis .   a - +0 hand axe
rCold    . . .     Gourm    .   s - +2 scale mail {rF+}
rNeg     . . .     Faith    .   (no shield)
rPois    .         Spirit   .   (no helmet)
rElec    .         Reflect  .   j - +0 cloak
rCorr    .         Harm     .   l - +2 pair of gloves
MR       .....                  (no boots)
Stlth    ..........             (no amulet)
Regen    0.2/turn               (no ring)
                                (no ring)

@: no status effects
A: no striking features
a: Heroism, Renounce Religion


You were on level 3 of the Dungeon.
You worshipped Okawaru.
Okawaru was pleased with you.
You were not hungry.

You visited 1 branch of the dungeon, and saw 3 of its levels.

You collected 111 gold pieces.

Inventory:

Hand Weapons
 a - a +0 hand axe (weapon)
 b - a +2 flail of protection
Armour
 j - a +0 cloak (worn)
 l - a +2 pair of gloves (worn)
 s - a +2 scale mail of fire resistance (worn)
Wands
 m - a wand of iceblast (4/15)
 t - a wand of flame (35/48)
Scrolls
 e - a scroll of enchant weapon {unknown}
 f - a scroll of remove curse {unknown}
 g - 3 scrolls of teleportation {unknown}
 k - 2 scrolls of identify {unknown}
 p - a scroll of blinking {unknown}
Potions
 d - a potion of resistance {unknown}
 h - a potion of heal wounds {unknown}
 i - a potion of haste {unknown}
 n - a potion of invisibility {unknown}
 o - 2 potions of might {unknown}
Comestibles
 c - 3 bread rations
 q - a meat ration
 r - 3 chunks of flesh
 u - a royal jelly


   Skills:
 + Level 5.3 Fighting
 + Level 5.7 Axes
 + Level 1.4 Armour
 - Level 2.5 Dodging
 - Level 1.5 Stealth
 + Level 2.2 Invocations


You had 4 spell levels left.
You didn't know any spells.

Dungeon Overview and Level Annotations

Branches:
Dungeon (3/15)

Altars:
Fedhas
Hepliaklqana
Okawaru
Qazlal
Xom


Message History

The iguana bites you.
* * * LOW HITPOINT WARNING * * *
You hit the iguana but do no damage.
The iguana is severely wounded.
The iguana closely misses you.
You hit the iguana but do no damage.
The iguana is severely wounded.
The iguana closely misses you.
You hit the iguana but do no damage.
The iguana is severely wounded.
The iguana bites you!
* * * LOW HITPOINT WARNING * * *
You hit the iguana.
The iguana is severely wounded.
The iguana barely misses you.
Okay, then.
You barely miss the iguana.
The iguana is severely wounded.
The iguana bites you!
You die...

....... ....... #####...... #......
.......... . #...... #.#####.......
#. ..... .............. ........#
#.. ..... ...###........ ........#
#.##.#.# #....##....... ........#
#....#l# ##. #...#...... ........#
##..#@# #.. ###........ ........##
#.....# #.# ##....... .........#
#.##..# #.#####........ .....)...#
#.....###.#............
...#...#.####.........#.##.........
....##.#....#...........##.........
.....#..................##.........
.....##..............##.##.........
...#######....[..^...##..#.........


You could see an iguana.

Vanquished Creatures
  An iguana (D:3)
  Terence (D:2)
  A worker ant (D:3)
  4 gnolls (D:1)
  A worm (D:2)
  2 dart slugs
  2 leopard geckos (D:1)
  An orc (D:3)
  6 bats
  4 giant cockroaches
  6 goblins
  7 hobgoblins
  4 jackals (D:2)
  3 kobolds
  A quokka (D:2)
  A ball python (D:1)
  7 frilled lizards
  7 rats
59 creatures vanquished.

Notes
Turn   | Place    | Note
-------+----------+-------------------------------------------
     0 | D:1      | Lahna the Hill Orc Monk began the quest for the Orb.
     0 | D:1      | Reached XP level 1. HP: 19/19 MP: 1/1
   365 | D:1      | Reached XP level 2. HP: 27/27 MP: 2/2
   708 | D:1      | Found a shimmering altar of Xom.
   828 | D:1      | Reached XP level 3. HP: 33/33 MP: 3/3
  1127 | D:2      | Noticed Terence
  1318 | D:1      | Reached skill level 5 in Axes
  1394 | D:1      | Reached XP level 4. HP: 22/41 MP: 4/4
  1635 | D:2      | Reached skill level 5 in Fighting
  1779 | D:2      | Found an iron altar of Okawaru.
  1794 | D:2      | Became a worshipper of Warmaster Okawaru
  1794 | D:2      | Reached * piety under Okawaru
  1794 | D:2      | Reached ** piety under Okawaru
  2016 | D:2      | Reached skill level 1 in Invocations
  2056 | D:2      | Killed Terence
  2056 | D:2      | Reached skill level 1 in Armour
  2056 | D:2      | Reached XP level 5. HP: 16/48 MP: 1/6
  2448 | D:2      | Found a faded altar of an unknown god.
  2672 | D:3      | Found a stormy altar of Qazlal.
  2681 | D:3      | Found a blossoming altar of Fedhas.
  2712 | D:3      | Found a shimmering altar of Xom.
  2713 | D:3      | Found a hazy altar of Hepliaklqana.
  2714 | D:3      | Noticed a spectral ugly thing
  2761 | D:3      | Slain by an iguana

Vault maps used:
D:1:      dpeg_arrival_water_fire, xom_teletrap_fun
D:2:      okawaru_metal_pillars_1_2, chequers_ecumenical_altar_grove,
          minmay_misc_feat_cross, grunt_decor_mini_mirrors, uniq_terence
D:3:      grunt_temple_overflow_forces_of_nature,
          regret_index_temple_of_mockery, uniq_sigmund

Skill      XL: |  1  2  3  4  5 |
---------------+----------------+-----
Fighting       | 4 5 |  5.3
Axes           | 5 |  5.7
Invocations    | 1 2 |  2.2
Armour         | 1 |  1.4
Dodging        | |  2.5
Stealth        | |  1.5

Action                   |  1- 3 |  4- 6 || total
-------------------------+-------+-------++-------
Melee: Hand axe          |    80 |   199 ||   279
       Punch             |       |     1 ||     1
Invok: Heroism           |       |     4 ||     4
 Stab: Sleeping          |     3 |     1 ||     4
  Eat: Chunk             |     2 |     4 ||     6
Armor: Robe              |    11 |    20 ||    31
       Ring mail         |       |    17 ||    17
       Scale mail        |       |    20 ||    20
Dodge: Dodged            |    51 |   142 ||   193
